 Dungeon Crawl Stone Soup version 0.26-a0-712-ga5a9c9c9d0 (webtiles) character file.

Game seed: 1621641218316051177

(classic levelgen) 306 EnegeticOcto the Chopper (level 6, 37/51 HPs)
             Began as a Deep Dwarf Fighter on Nov 4, 2020.
             Was a Follower of Hepliaklqana.
             Quit the game on level 4 of the Dungeon.
             The game lasted 00:00:53 (1324 turns).

EnegeticOcto the Chopper (Deep Dwarf Fighter)       Turns: 1324, Time: 00:00:54

Health: 37/51      AC:  8    Str: 22    XL:     6   Next: 16%
Magic:  5/5        EV:  7    Int:  8    God:    Hepliaklqana [*.....]
Gold:   65         SH: 10    Dex: 12    Spells: 5/5 levels left

rFire    . . .     SeeInvis +   a - +0 war axe
rCold    . . .     Faith    .   c - +0 kite shield
rNeg     + . .     Spirit   .   b - +0 scale mail
rPois    .         Reflect  .   l - +0 helmet
rElec    .         Harm     .   (no cloak)
rCorr    .         Rampage  .   (no gloves)
MR       .....                  (no boots)
Stlth    ..........             (no amulet)
HPRegen  0.00/turn              g - ring of see invisible
MPRegen  0.09/turn              q - ring of positive energy

@: non-regenerating
A: damage resistance, heal wounds, reduced essence, sense surroundings 1, no
regeneration
a: Heal Wounds, Recall Ancestor, Ancestor Identity, Renounce Religion


You were on level 4 of the Dungeon.
You worshipped Hepliaklqana.
Hepliaklqana was aware of your devotion.
You visited 1 branch of the dungeon, and saw 4 of its levels.

You collected 65 gold pieces.

Inventory:

Hand Weapons
 a - a +0 war axe (weapon)
Armour
 b - a +0 scale mail (worn)
 c - a +0 kite shield (worn)
 f - a +1 hat
 l - a +0 helmet (worn)
Jewellery
 g - a ring of see invisible (left hand)
 q - a ring of positive energy (right hand)
Scrolls
 h - a scroll of remove curse {unknown}
 j - a scroll of blinking {unknown}
 k - 6 scrolls of identify {unknown}
 n - a scroll of magic mapping {unknown}
 o - 3 scrolls of enchant weapon {unknown}
 p - a scroll of fog {unknown}
 r - a scroll of teleportation {unknown}
Potions
 d - a potion of might {@q3}
 e - 2 potions of heal wounds {unknown}
 i - 2 potions of resistance {unknown}
 m - a potion of curing {unknown}


   Skills:
 + Level 3.6 Fighting
 * Level 4.8 Axes
 + Level 4.4 Armour
 + Level 4.4 Shields


You had 5 spell levels left.
You didn't know any spells.
Your spell library was empty.

Dungeon Overview and Level Annotations

Branches:
Dungeon (4/15)
 Temple: D:4-7

Altars:
Hepliaklqana
Sif Muna
Vehumet


Innate Abilities, Weirdness & Mutations

You are resistant to damage.
You can heal yourself by infusing magical energy.
You passively map a small area around you.
You do not regenerate.
Your life essence is reduced to manifest your ancestor. (-10% HP)


Message History

You block the worker ant's attack.
You hit the worker ant.
You kill the worker ant!
No target in view!
No target in view!
No target in view!
No target in view!
No target in view!
No target in view!
No target in view!
No target in view!
No target in view!
No target in view!
No target in view!
No target in view!
No target in view!
o - 3 scrolls labeled GEL NE JUUP (gained 1)
You now have 56 gold pieces (gained 11).
Things that are here:
a +0 leather armour; an orc corpse An adder skeleton comes into view.
An adder skeleton is nearby!
You closely miss the adder skeleton. You block the adder skeleton's attack.
You hit the adder skeleton but do no damage.
The adder skeleton barely misses you.
The adder skeleton bites you but does no damage.
You barely miss the adder skeleton.
The adder skeleton bites you but does no damage.
You hit the adder skeleton.
The adder skeleton is lightly damaged.
You block the adder skeleton's attack.
The adder skeleton bites you but does no damage.
You hit the adder skeleton.
The adder skeleton is moderately damaged.
The adder skeleton bites you.
You hit the adder skeleton.
The adder skeleton is moderately damaged.
You block the adder skeleton's attack. The adder skeleton bites you.
You hit the adder skeleton.
The adder skeleton is severely damaged.
The adder skeleton bites you but does no damage.
You hit the adder skeleton.
The adder skeleton is severely damaged.
The adder skeleton barely misses you. The adder skeleton bites you.
You slash the adder skeleton!
You destroy the adder skeleton!
No target in view!
Found a stone staircase leading down.
k - 6 scrolls labeled KAGGIL BEDWE (gained 1)
r - a scroll labeled GUONUPT ZESSUE No target in view!
There is a stone staircase leading up here.
Things that are here:
a +0 leather armour; an orc corpse
There is an open door here.
Found a hazy altar of Hepliaklqana and a shimmering blue altar of Sif Muna.
You now have 65 gold pieces (gained 9).
Found a radiant altar of Vehumet.
No target in view!
No target in view!
No target in view!
No target in view!
No target in view!
No target in view!
No target in view!
Found a faded altar of an unknown god.
Found a faded altar of an unknown god.
Done exploring.
Done exploring.
Done exploring.
Done exploring.
No target in view!
No target in view!
No target in view!
No target in view!
No target in view!
No target in view!
No target in view!
No target in view!
No target in view!
No target in view!
No target in view!
No target in view!
No target in view!
No target in view!
No target in view!
No target in view!
No target in view!
Done exploring.
Done exploring.
There is a faded altar of an unknown god here.
You cannot tell which god this altar belongs to.
Convert to them anyway? [Y]es or [N]o only, please.
You cannot tell which god this altar belongs to.
Convert to them anyway?
Hepliaklqana accepts your prayer! Hepliaklqana welcomes you!
Hepliaklqana forms a fragment of your life essence into the memory of your ancestor, Tiberia!
You can now recall your ancestor.
You can now remember your ancestor's identity.
Are you sure you want to abandon this character and quit the game? (Confirm with "yes".)

.....######.####### #.####.......
.....# ####.#### #.....###....
...(.# #.......# #...).####...
.....# #.......#### #............
.....# #.......##_###.....#######
.....# #....####...####...# #
########...##...R.....##..#### #
.........###..##...##..###...# #
########.#_..###@._###.._#...# #
#####..#######..###..(# #
######### ##.........##.))..# #
.#......#########.#####......####
.#.####.........#'#..#.......##..
.#.# #..............#.......##..
.#.####..............##########..
.#....#.........#.#### #..
......#.###.......^# #..


You could see the friendly Tiberia the ancestor.

Vanquished Creatures
  A phantom (D:4)
  4 worker ants (D:4)
  Robin (D:3)
  3 gnolls (D:4)
  2 adders
  An ooze (D:4)
  An adder skeleton (D:4)
  2 leopard geckos
  4 orcs (D:4)
  2 giant cockroaches
  9 goblins
  5 hobgoblins
  12 jackals
  5 kobolds
  2 frilled lizards
  A quokka skeleton (D:4)
55 creatures vanquished.

Notes
Turn   | Place    | Note
-------+----------+-------------------------------------------
     0 | D:1      | EnegeticOcto the Deep Dwarf Fighter began the quest for the
                  | Orb.
     0 | D:1      | Reached XP level 1. HP: 20/20 MP: 1/1
   138 | D:1      | Reached XP level 2. HP: 25/27 MP: 2/2
   431 | D:3      | Noticed Robin
   448 | D:3      | Reached XP level 3. HP: 29/34 MP: 3/3
   491 | D:3      | Killed Robin
   564 | D:4      | Reached XP level 4. HP: 24/42 MP: 4/4
   663 | D:4      | Noticed a phantom
   680 | D:4      | Killed a phantom
   680 | D:4      | Reached XP level 5. HP: 28/49 MP: 5/5
   877 | D:4      | Reached XP level 6. HP: 38/56 MP: 5/5
  1301 | D:4      | Found a hazy altar of Hepliaklqana.
  1301 | D:4      | Found a shimmering blue altar of Sif Muna.
  1308 | D:4      | Found a radiant altar of Vehumet.
  1310 | D:4      | Found a faded altar of an unknown god.
  1311 | D:4      | Found a faded altar of an unknown god.
  1323 | D:4      | Became a worshipper of Hepliaklqana the Forgotten
  1323 | D:4      | Reached * piety under Hepliaklqana
  1324 | D:4      | Quit the game

Illustrated notes

Levels and vault maps discovered:
D:1:      heliophobic_arrival_ceremonial_halls, layout_loops_ring,
          minmay_misc_feat_room
D:2:      layout_loops_ring, minmay_crystal_water, uniq_terence
D:3:      layout_basic, eat_drink_and_be_merry_uskayaw, minmay_misc_feat_tower,
          minmay_diced_spiral, uniq_sigmund, uniq_robin
D:4:      layout_basic, chequers_temple_overflow_minitemple,
          minmay_manual_monolith

Skill      XL: |  1  2  3  4 |
---------------+-------------+-----
Fighting       | 3 |  3.6
Axes           | 3 4 |  4.8
Armour         | 4 |  4.4
Shields        | 4 |  4.4

Action                   |  1- 3 |  4- 6 || total
-------------------------+-------+-------++-------
Melee: War axe           |   101 |    96 ||   197
 Abil: Heal Wounds       |       |     2 ||     2
Armor: Scale mail        |    43 |    34 ||    77
Dodge: Dodged            |    31 |    29 ||    60
Block: Kite shield       |    57 |    53 ||   110

Table legend: (Time is in decaauts)
 A = Elapsed time spent in this place.
 B = Non-inter-level travel time spent in this place.
 C = Inter-level travel time spent in this place.
 D = Time resting spent in this place.
 E = Time spent auto-exploring this place.
 F = Levels seen in this place.
 G = Mean time per level.
                   A        B        C        D        E       F      G
               +--------+--------+--------+--------+--------+-----+--------+
         Total |   1398 |   1310 |     88 |      0 |    925 |   4 |  349.5 |
       Dungeon |   1398 |   1310 |     88 |      0 |    925 |   4 |  349.5 |
               +--------+--------+--------+--------+--------+-----+--------+

Top non-repeatable levels by time:
     D:4: 809 daAuts
     D:1: 244 daAuts
     D:2: 189 daAuts
     D:3: 155 daAuts
